 Dungeon Crawl Stone Soup version 0.22-a0-441-gcf5b0c6 (webtiles) character file.

108 Anon1729 the Chiller (level 4, -2/32 HPs)
             Began as a Barachi Ice Elementalist on May 30, 2018.
             Slain by an adder (5 damage)
             ... on level 3 of the Dungeon.
             The game lasted 00:05:27 (2829 turns).

Anon1729 the Chiller (Barachi Ice Elementalist)     Turns: 2829, Time: 00:05:28

Health: -2/32      AC:  3    Str:  9    XL:     4   Next: 87%
Magic:  8/8        EV: 13    Int: 16    God:
Gold:   64         SH:  0    Dex: 13    Spells: 1/9 levels left

rFire    . . .     SeeInvis .   h - +0 spear
rCold    . . .     Gourm    .   (no shield)
rNeg     + . .     Faith    .   a - +0 robe
rPois    .         Spirit   .   m - +0 helmet
rElec    .         Reflect  .   (no cloak)
rCorr    .         Harm     .   (no gloves)
MR       .....                  (no boots)
Stlth    ++........             (no amulet)
HPRegen  0.10/turn              (no ring)
MPRegen  0.11/turn              k - ring of positive energy

@: hasted (expiring), quick
A: +LOS, swims, slowness 1, strong legs 1
a: Hop


You were on level 3 of the Dungeon.
You were not hungry.

You visited 1 branch of the dungeon, and saw 4 of its levels.

You collected 64 gold pieces.

Inventory:

Hand Weapons
 h - a +0 spear (weapon)
Missiles
 b - 2 tomahawks (quivered)
 e - 4 javelins
Armour
 a - a +0 robe (worn)
 m - a +0 helmet (worn)
Jewellery
 j - an uncursed ring of fire
 k - a ring of positive energy (right hand)
Scrolls
 d - a scroll of teleportation {unknown}
 f - a scroll of identify {unknown}
 g - 2 scrolls of noise {unknown}
 l - 2 scrolls of remove curse {unknown}
Comestibles
 c - 4 rations
 o - 3 chunks of flesh


   Skills:
 - Level 1.0 Fighting
 - Level 0.3 Polearms
 + Level 2.7 Dodging
 + Level 2.4 Stealth
 * Level 3.1 Spellcasting
   Level 1.1 Conjurations
 * Level 0.0 Charms
 * Level 0.0 Summonings
 * Level 4.9 Ice Magic


You had one spell level left.
You knew the following spells:

 Your Spells              Type           Power        Failure   Level  Hunger
a - Freeze                Ice            ###.         2%          1    None
b - Ozocubu's Armour      Chrm/Ice       ##......     21%         3    ###....
c - Summon Ice Beast      Ice/Summ       ##......     56%         4    ####...

Your spell library contained the following spells:

 Spells                   Type           Power        Failure   Level  Hunger
 Throw Frost              Conj/Ice       ##....       9%          2    ##.....
 Throw Icicle             Conj/Ice       ##......     47%         4    ####...


Dungeon Overview and Level Annotations

Branches:
Dungeon (4/15)
 Temple: D:4-7

Altars:

Annotations:
D:3 Natasha, Sigmund


Innate Abilities, Weirdness & Mutations

Shadows flee at your approach. (+LOS)
You can swim through water.
You cover ground slowly.
You can hop short distances.


Message History

You climb upwards.
Level annotation: Natasha, Sigmund A worm comes into view.
Natasha wildly gestures.
Natasha glows brightly for a moment.
There is a stone staircase leading down here.
You feel yourself speed up. The worm misses you. The adder misses you.
A kobold and an orc come into view.
The kobold shouts!
The orc throws a stone.
The stone hits you but does no damage.
Natasha extends her claws.
You see here a stone.
The orc throws a stone.
The stone hits you.
* * * LOW HITPOINT WARNING * * *
Natasha casts a spell.
Your extra speed is starting to run out.
Natasha casts a spell.
The adder bites you.
You die...

.##.........g..g..#
##..........@.g..#
#...............# ###
#...............#
#.####.#............<# #.#..
##............# ########...
#..........<...#
.........####.....g.....####
..###........S@..>.........#
#..........5............#..#
..........w5.#..........##.#
.....##.>h.#............##.#
..... #.#####........... #.#
......#.### #.......... #.#
......h..o###...K...... #..
..S.....<..........####
..###.........[o.....


You could see a worm, Natasha, an adder, 2 white imps, an orc, a goblin and a
kobold.

Vanquished Creatures
  An orc wizard (D:3)
  2 adders (D:2)
  2 worms (D:2)
  2 dart slugs
  A leopard gecko (D:1)
  4 orcs
  2 giant cockroaches (D:1)
  5 goblins
  5 hobgoblins (D:2)
  3 jackals (D:2)
  A ball python (D:2)
  5 bats
  5 frilled lizards
  4 kobolds
  5 rats
47 creatures vanquished.

Vanquished Creatures (others)
  A rat (D:1)
1 creature vanquished.

Grand Total: 48 creatures vanquished

Notes
Turn   | Place    | Note
-------+----------+-------------------------------------------
     0 | D:1      | Anon1729 the Barachi Ice Elementalist began the quest for the Orb.
     0 | D:1      | Reached XP level 1. HP: 13/13 MP: 3/3
    68 | D:1      | Reached skill level 4 in Ice Magic
   134 | D:1      | Reached XP level 2. HP: 7/19 MP: 1/5
  1290 | D:2      | Reached XP level 3. HP: 25/25 MP: 4/6
  1299 | D:2      | Reached skill level 1 in Fighting
  2139 | D:2      | Reached XP level 4. HP: 32/32 MP: 8/8
  2439 | D:3      | Noticed Sigmund
  2634 | D:2      | Learned a level 3 spell: Ozocubu's Armour
  2662 | D:2      | Learned a level 4 spell: Summon Ice Beast
  2795 | D:3      | Noticed Natasha
  2798 | D:2      | HP: 1/32 [orc wizard/magic dart (6)]
  2812 | D:2      | You fall through a shaft for 2 floors!
  2829 | D:3      | Slain by an adder

Vault maps used:
D:1:      scummos_arrival_simple_crosswalls, grunt_decor_cap, chequers_big_river
D:2:      eino_tiny_chamber, minmay_misc_feat_roman
D:3:      minmay_goblin_kobold_castle, vehumet_crystals,
          nicolae_overflow_hidden_temple, overflow_temple_1_default,
          marbit_many_paths, serial_bayou_pond_e, minmay_bisected, uniq_natasha,
          uniq_sigmund
D:4:      first_ration

Skill      XL: |  1  2  3  4 |
---------------+-------------+-----
Ice Magic      | 4 |  4.9
Stealth        | 2 |  2.4
Fighting       | 1 |  1.0
Spellcasting   | 3 |  3.1
Polearms       | |  0.3
Dodging        | |  2.7
Conjurations   | |  1.1

Action                   |  1- 3 |  4- 6 || total
-------------------------+-------+-------++-------
Melee: Unarmed           |    22 |       ||    22
       Spear             |    76 |    17 ||    93
 Cast: Freeze            |    32 |    18 ||    50
  Use: Potion            |       |     2 ||     2
 Stab: Sleeping          |     7 |     1 ||     8
  Eat: Chunk             |     5 |     2 ||     7
Armor: Robe              |    21 |    11 ||    32
Dodge: Dodged            |    79 |    45 ||   124

Table legend:
 A = Spawn XP
 B = Non-spawn XP
 C = Spawn XP percentage of total XP
 D = Spawn monster count
 E = Non-spawn monster count
 F = Spawn count percentage of total count
 G = Total turns spent on level
                    A         B        C        D         E        F      G
               +---------+---------+-------+---------+---------+-------+---------
         Total |       0 |     155 |   0.0 |       0 |      47 |   0.0 |  2829
               +---------+---------+-------+---------+---------+-------+---------
           D:1 |       0 |      23 |   0.0 |       0 |      13 |   0.0 |  1082
           D:2 |       0 |      85 |   0.0 |       0 |      30 |   0.0 |  1666
           D:3 |       0 |      47 |   0.0 |       0 |       4 |   0.0 |    70
               +---------+---------+-------+---------+---------+-------+---------
